 Dungeon Crawl Stone Soup version 0.20-a0-548-g4f8a798 (webtiles) character file.

146 Asddderdsw the Conjurer (level 5, 0/39 HPs)
             Began as a Draconian Conjurer on Feb 1, 2017.
             Slain by an iron imp (10 damage)
             ... summoned by Natasha
             ... on level 3 of the Dungeon.
             The game lasted 00:13:05 (1897 turns).

Asddderdsw the Conjurer (Draconian Conjurer)        Turns: 1897, Time: 00:13:05

Health: 0/39       AC:  6    Str: 10    XL:     5   Next: 7%
Magic:  1/9        EV: 12    Int: 16    God:
Gold:   99         SH:  0    Dex: 12    Spells: 4/10 levels left

rFire    . . .     SeeInvis .   g - +1 whip
rCold    . . .     Gourm    .   (armour unavailable)
rNeg     . . .     Faith    .   (no shield)
rPois    .         Spirit   .   (helmet restricted)
rElec    .         Reflect  .   (no cloak)
rCorr    .         Harm     .   k - +0 pair of gloves
MR       .....                  (no boots)
Stlth    ++........             (no amulet)
Regen    0.2/turn               (no ring)
                                (no ring)

@: very slightly contaminated
A: unfitting armour, cold-blooded, AC +5
a: no special abilities


You were on level 3 of the Dungeon.
You were not hungry.

You visited 1 branch of the dungeon, and saw 3 of its levels.

You collected 99 gold pieces.

Inventory:

Hand Weapons
 g - a +1 whip (weapon)
Missiles
 h - 25 stones (quivered)
Armour
 k - a +0 pair of gloves (worn)
Jewellery
 e - an uncursed amulet of regeneration {unknown}
Scrolls
 j - a scroll of remove curse
 o - a scroll of teleportation
 p - 2 scrolls of random uselessness {unknown}
 q - 2 scrolls of identify {unknown}
 v - a scroll of fog {unknown}
 w - a scroll of noise {unknown}
Potions
 d - a potion of cancellation {unknown}
 f - 4 potions of curing
 i - a potion of lignification {unknown}
 l - a potion of heal wounds {unknown}
 m - a potion of flight {unknown}
 n - 2 potions of agility {unknown}
 r - a potion of invisibility {unknown}
 s - a potion of magic {unknown}
 t - 2 potions of haste {unknown}
 u - a potion of might {unknown}
Books
 a - a book of Conjurations

   Spells                             Type                      Level
   a - Magic Dart                     Conjuration                  1
   b - Searing Ray                    Conjuration                  2
   c - Dazzling Spray                 Conjuration/Hexes            3
   d - Fulminant Prism                Conjuration/Hexes            4
   e - Iskenderun's Mystic Blast      Conjuration                  4
   f - Iskenderun's Battlesphere      Conjuration/Charms           5
Comestibles
 b - a bread ration
 c - 5 chunks of flesh


   Skills:
 + Level 0.7 Fighting
 + Level 1.3 Maces & Flails
 + Level 2.2 Dodging
 + Level 2.1 Stealth
 + Level 0.2 Unarmed Combat
 + Level 3.2 Spellcasting
 + Level 4.9 Conjurations


You had 4 spell levels left.
You knew the following spells:

 Your Spells              Type           Power        Failure   Level  Hunger
a - Magic Dart            Conj           ###.         2%          1    None
b - Searing Ray           Conj           ###...       4%          2    ##.....
c - Dazzling Spray        Conj/Hex       ##....       21%         3    ###....


Dungeon Overview and Level Annotations

Branches:
Dungeon (3/15)

Altars:
Ashenzari
Fedhas
Trog
Xom

Annotations:
D:3 Natasha, Sigmund


Innate Abilities, Weirdness & Mutations

Your plain brown scales are hard. (AC +5)
You cannot fit into any form of body armour.
You are cold-blooded and may be slowed by cold attacks.


Message History

Aiming: Magic Dart
Press: ? - help, Shift-Dir - straight line, f/p - orc wizard
Aim: an orc wizard, wielding a dagger and wearing a robe (lightly wounded, fast)
The magic dart hits Natasha.
Natasha is heavily wounded.
Natasha claws you. x2
You hit Natasha.
Natasha is severely wounded.
Natasha casts a spell.
Natasha claws you but does no damage.
You hit Natasha.
Natasha is almost dead.
Natasha claws you!
* * * LOW HITPOINT WARNING * * *
The iron imp barely misses you.
It was a potion of curing.
You feel better.
You feel yourself speed up.
Natasha stares at you and mumbles some strange words.
You resist with some effort. The iron imp hits you!
You die...

#..#####..#####.##
##........#####
#####..♣.♣...#
#...)....##
#..♣.♣o...##
♣...oo§..o.#
♣♣.♣o♣...#.#
♣.#h#####... ♣.♣@♣
#.... ♣.#5# ....h.
#.♣.♣ .#.o.. #.#
K.o.. ♣.♣ # o##
..# #.. ♣#. .


You could see an iron imp, an orc wizard, Natasha and 2 orcs.

Vanquished Creatures
  Natasha (twice) (D:2)
  2 adders (D:2)
  An ooze (D:1)
  2 worms (D:2)
  2 dart slugs (D:1)
  4 orcs (D:3)
  A ball python (D:2)
  3 giant cockroaches
  8 goblins
  7 hobgoblins
  2 jackals (D:1)
  5 kobolds
  6 bats
  6 frilled lizards
  8 rats
59 creatures vanquished.

Notes
Turn   | Place    | Note
-------+----------+-------------------------------------------
     0 | D:1      | Asddderdsw the Draconian Conjurer began the quest for the Orb.
     0 | D:1      | Reached XP level 1. HP: 14/14 MP: 3/3
    10 | D:1      | Noticed a bullfrog
   166 | D:1      | Reached XP level 2. HP: 19/20 MP: 0/5
   176 | D:1      | Learned a level 2 spell: Searing Ray
   503 | D:1      | Reached XP level 3. HP: 17/26 MP: 1/6
  1030 | D:1      | Learned a level 3 spell: Dazzling Spray
  1220 | D:2      | Noticed Natasha
  1235 | D:2      | Reached skill level 1 in Maces & Flails
  1267 | D:2      | Reached XP level 4. HP: 33/33 MP: 2/8
  1448 | D:2      | Found a shattered altar of Ashenzari.
  1502 | D:2      | Found a shimmering altar of Xom.
  1502 | D:2      | Found a blossoming altar of Fedhas.
  1585 | D:2      | Killed Natasha
  1597 | D:2      | Noticed Natasha
  1602 | D:2      | Killed Natasha
  1643 | D:2      | Noticed Natasha
  1705 | D:3      | Reached XP level 5. HP: 39/39 MP: 0/9
  1712 | D:3      | Noticed Sigmund
  1772 | D:3      | Found a bloodstained altar of Trog.
  1897 | D:3      | Slain by an iron imp

Vault maps used:
D:1:      evilmike_arrival_come_back, minmay_split_cup_small
D:2:      ashenzari_altar_1, amethyst_overflow_temple_binary, uniq_natasha
D:3:      nicolae_overflow_crystal_walls, kiku_gazebo_garden_becter,
          serial_forest, infiniplex_forest_lined_3_way, infiniplex_forest_end_3,
          infiniplex_forest_end_2, infiniplex_forest_clump_small,
          infiniplex_forest_end_2, infiniplex_forest_fountain,
          infiniplex_forest_lined_3, infiniplex_forest_straight_2, tgw_xom,
          uniq_crazy_yiuf_cottage, uniq_sigmund

Skill      XL: |  1  2  3  4 |
---------------+-------------+-----
Stealth        | 2 |  2.1
Maces & Flails | 1 |  1.3
Dodging        | 2 |  2.2
Spellcasting   | 3 |  3.2
Fighting       | |  0.7
Unarmed Combat | |  0.2
Conjurations   | |  4.9

Action                   |  1- 3 |  4- 6 || total
-------------------------+-------+-------++-------
Melee: Unarmed           |     7 |       ||     7
       Club              |    48 |       ||    48
       Tailslap          |     8 |     5 ||    13
       Whip              |     5 |    44 ||    49
 Cast: Magic Dart        |    66 |    12 ||    78
       Dazzling Spray    |       |     8 ||     8
  Use: Scroll            |     2 |     1 ||     3
       Potion            |       |     1 ||     1
 Stab: Sleeping          |     1 |     1 ||     2
       Invisible         |       |     1 ||     1
  Eat: Chunk             |     2 |     3 ||     5
Armor: Skin              |    23 |     8 ||    31
Dodge: Dodged            |    56 |    28 ||    84
